| TOP OF THE 1ST |
|
Minnesota (NYP) Twins batting - Pitching for Staten Island Yankees : RHP Ben Cunningham
|
|
Pitching: RHP Ben Cunningham
|
|
|
Batting: RHB David McClellan
|
0-0: Ball 1-0: Called Strike 1-1: Foul Ball, location: 2F 1-2: Ball 2-2: SINGLE (Groundball, 56, EV 108.8 MPH)
|
|
Batting: RHB Sergio Gomez
|
0-0: Ball 1-0: Ball David McClellan is caught stealing 2nd base 2-4 2-0: Swinging Strike 2-1: DOUBLE (Line Drive, 89M, EV 102.5 MPH)
|
|
Batting: LHB Tomas Espino
|
0-0: Ground out 4-3 (Groundball, 4D, EV 100.6 MPH) Sergio Gomez to third
|
|
Batting: LHB Ryuuichi Shintani
|
0-0: Ball 1-0: Ball 2-0: Foul Ball, location: 2F 2-1: Foul Ball, location: 2F 2-2: Foul Ball, location: 2F 2-2: Foul Ball, location: 2F 2-2: Ball 3-2: Foul Ball, location: 2F 3-2: Foul Ball, location: 2F 3-2: Base on Balls
|
|
Batting: RHB Alexandre Garcia
|
0-0: Fly out, F4 (Line Drive, 4M, EV 61.2 MPH)
|
| Top of the 1st over - 0 runs, 2 hits, 0 errors, 2 left on base; Minnesota (NYP) 0 - Staten Island 0 |
| BOTTOM OF THE 1ST |
|
Staten Island Yankees batting - Pitching for Minnesota (NYP) Twins : LHP Sandy Benitez
|
|
Pitching: LHP Sandy Benitez
|
|
|
Batting: RHB Norimoto Miyanishi
|
0-0: Ball 1-0: Called Strike 1-1: Ball 2-1: Ball 3-1: Foul Ball, location: 2F 3-2: Base on Balls
|
|
Batting: RHB Brad Wren
|
0-0: Called Strike 0-1: Called Strike Norimoto Miyanishi steals 2nd base 0-2: Strikes out looking
|
|
Batting: SHB Tadaaki Kondo
|
0-0: Ball 1-0: Called Strike 1-1: Foul Ball, location: 2F 1-2: Ball 2-2: Ground out 6-3 (Groundball, 6, EV 83.8 MPH) Norimoto Miyanishi to third
|
|
Batting: RHB Pat Pemberton
|
0-0: Ground out 6-3 (Groundball, 6, EV 77.5 MPH)
|
| Bottom of the 1st over - 0 runs, 0 hits, 0 errors, 1 left on base; Minnesota (NYP) 0 - Staten Island 0 |
| TOP OF THE 2ND |
|
Minnesota (NYP) Twins batting - Pitching for Staten Island Yankees : RHP Ben Cunningham
|
|
Batting: LHB Yasutoshi Hayashi
|
0-0: SINGLE (Groundball, 6MD, EV 96.9 MPH) (infield hit)
|
|
Batting: LHB Ben Roth
|
0-0: Ball 1-0: Foul Ball, location: 2F 1-1: Called Strike 1-2: Foul Ball, location: 2F 1-2: Fly out, F7 (Flyball, 78M, EV 91.2 MPH)
|
|
Batting: RHB Ton van Dijk
|
0-0: Called Strike 0-1: Called Strike 0-2: Ball 1-2: Ball 2-2: Ball 3-2: Foul Ball, location: 2F 3-2: Strikes out swinging
|
|
Batting: SHB Juan Aguilar
|
0-0: Ball Wild Pitch! Yasutoshi Hayashi to second 1-0: Ball 2-0: Ball 3-0: Called Strike 3-1: Fly out, F7 (Flyball, 7, EV 80.6 MPH)
|
| Top of the 2nd over - 0 runs, 1 hit, 0 errors, 1 left on base; Minnesota (NYP) 0 - Staten Island 0 |
| BOTTOM OF THE 2ND |
|
Staten Island Yankees batting - Pitching for Minnesota (NYP) Twins : LHP Sandy Benitez
|
|
Batting: LHB Mike Schermerhorn
|
0-0: Called Strike 0-1: Ground out 5-3 (Groundball, 5, EV 105.0 MPH)
|
|
Batting: RHB Jesus Ruiz
|
0-0: Called Strike 0-1: Ball 1-1: Ground out 4-3 (Groundball, 4, EV 105.6 MPH)
|
|
Batting: RHB Daniel Underhay
|
0-0: Fly out, F8 (Flyball, 8RM, EV 78.1 MPH)
|
| Bottom of the 2nd over - 0 runs, 0 hits, 0 errors, 0 left on base; Minnesota (NYP) 0 - Staten Island 0 |
| TOP OF THE 3RD |
|
Minnesota (NYP) Twins batting - Pitching for Staten Island Yankees : RHP Ben Cunningham
|
|
Batting: RHB David McClellan
|
0-0: Foul Ball, location: 2F 0-1: Ball 1-1: Fly out, F3 (Popup, 3L, EV 76.2 MPH)
|
|
Batting: RHB Sergio Gomez
|
0-0: Ball 1-0: Called Strike 1-1: Foul Ball, location: 2F 1-2: Strikes out looking
|
|
Batting: LHB Tomas Espino
|
0-0: Ball 1-0: Ball 2-0: Ball 3-0: Base on Balls
|
|
Batting: LHB Ryuuichi Shintani
|
0-0: Ball 1-0: Ball Tomas Espino is caught stealing 2nd base 2-6
|
| Top of the 3rd over - 0 runs, 0 hits, 0 errors, 0 left on base; Minnesota (NYP) 0 - Staten Island 0 |
| BOTTOM OF THE 3RD |
|
Staten Island Yankees batting - Pitching for Minnesota (NYP) Twins : LHP Sandy Benitez
|
|
Batting: LHB Danny de Leon
|
0-0: Called Strike 0-1: Swinging Strike 0-2: Foul Ball, location: 2F 0-2: Strikes out swinging
|
|
Batting: RHB Alex Blanco
|
0-0: Ground out 6-3 (Groundball, 6, EV 80.6 MPH)
|
|
Batting: RHB Norimoto Miyanishi
|
0-0: Ball 1-0: Foul Ball, location: 2F 1-1: Ground out 6-3 (Groundball, 6, EV 92.5 MPH)
|
| Bottom of the 3rd over - 0 runs, 0 hits, 0 errors, 0 left on base; Minnesota (NYP) 0 - Staten Island 0 |
| TOP OF THE 4TH |
|
Minnesota (NYP) Twins batting - Pitching for Staten Island Yankees : RHP Ben Cunningham
|
|
Batting: LHB Ryuuichi Shintani
|
0-0: Foul Ball, location: 2F 0-1: Foul Ball, location: 2F 0-2: Ball 1-2: Ball 2-2: Ball 3-2: Strikes out swinging
|
|
Batting: RHB Alexandre Garcia
|
0-0: Called Strike 0-1: Ball 1-1: Called Strike 1-2: Ball 2-2: Ball 3-2: Base on Balls
|
|
Batting: LHB Yasutoshi Hayashi
|
0-0: Ball 1-0: Ball 2-0: Ball 3-0: Base on Balls Alexandre Garcia to second
|
|
Batting: LHB Ben Roth
|
0-0: Ball 1-0: Swinging Strike 1-1: Ball 2-1: Fly out, F6 (Popup, 6S, EV 83.8 MPH)
|
|
Batting: RHB Ton van Dijk
|
0-0: Swinging Strike 0-1: Foul Ball, location: 2F 0-2: Strikes out swinging
|
| Top of the 4th over - 0 runs, 0 hits, 0 errors, 2 left on base; Minnesota (NYP) 0 - Staten Island 0 |
| BOTTOM OF THE 4TH |
|
Staten Island Yankees batting - Pitching for Minnesota (NYP) Twins : LHP Sandy Benitez
|
|
Batting: RHB Brad Wren
|
0-0: Ball 1-0: Ball 2-0: Called Strike 2-1: Foul Ball, location: 2F 2-2: Ball 3-2: Foul Ball, location: 2F 3-2: Foul Ball, location: 2F 3-2: Foul Ball, location: 2F 3-2: Strikes out swinging
|
|
Batting: SHB Tadaaki Kondo
|
0-0: Ball 1-0: Ball 2-0: Swinging Strike 2-1: Swinging Strike 2-2: Strikes out swinging
|
|
Batting: RHB Pat Pemberton
|
0-0: Called Strike 0-1: SOLO HOME RUN (Flyball, 89XD, EV 103.1 MPH), Distance : 413 ft
|
|
Batting: LHB Mike Schermerhorn
|
0-0: Foul Ball, location: 2F 0-1: Swinging Strike 0-2: Ball 1-2: Strikes out swinging
|
| Bottom of the 4th over - 1 run, 1 hit, 0 errors, 0 left on base; Minnesota (NYP) 0 - Staten Island 1 |
| TOP OF THE 5TH |
|
Minnesota (NYP) Twins batting - Pitching for Staten Island Yankees : RHP Ben Cunningham
|
|
Pitching: RHP Nate LaCava
|
|
|
Batting: SHB Juan Aguilar
|
0-0: Foul Ball, location: 2F 0-1: Called Strike 0-2: Fly out, F9 (Flyball, 9LD, EV 85.6 MPH)
|
|
Batting: RHB David McClellan
|
0-0: Called Strike 0-1: Ball 1-1: Ground out 5-3 (Groundball, 56, EV 85.6 MPH)
|
|
Batting: RHB Sergio Gomez
|
0-0: Called Strike 0-1: Ball 1-1: Ball 2-1: Ball 3-1: Foul Ball, location: 2F 3-2: Strikes out swinging, 2-3 out at first.
|
| Top of the 5th over - 0 runs, 0 hits, 0 errors, 0 left on base; Minnesota (NYP) 0 - Staten Island 1 |
| BOTTOM OF THE 5TH |
|
Staten Island Yankees batting - Pitching for Minnesota (NYP) Twins : LHP Sandy Benitez
|
|
Batting: RHB Jesus Ruiz
|
0-0: Ball 1-0: Ball 2-0: Swinging Strike 2-1: Ball 3-1: Base on Balls
|
|
Batting: RHB Daniel Underhay
|
0-0: SINGLE (Line Drive, 8LS, EV 104.4 MPH) Jesus Ruiz to second
|
|
Batting: LHB Danny de Leon
|
0-0: Called Strike 0-1: Single, Error in OF, E9, batter to second base (Groundball, 34D, EV 98.8 MPH) Jesus Ruiz scores Daniel Underhay to third
|
|
Batting: RHB Alex Blanco
|
0-0: Ball 1-0: Called Strike 1-1: DOUBLE (Groundball, 5L, EV 97.5 MPH) Daniel Underhay scores Danny de Leon scores
|
|
Batting: RHB Norimoto Miyanishi
|
0-0: Foul Ball, location: 2F 0-1: SINGLE (Groundball, 6MS, EV 73.8 MPH) (infield hit) Alex Blanco to third
|
|
Batting: RHB Brad Wren
|
0-0: Called Strike 0-1: Ball 1-1: Ball 2-1: Ball 3-1: Base on Balls Norimoto Miyanishi to second
|
|
Batting: SHB Tadaaki Kondo
|
0-0: Ball 1-0: Foul Ball, location: 2F 1-1: Called Strike 1-2: Strikes out swinging
|
|
Batting: RHB Pat Pemberton
|
0-0: Ball 1-0: Ball 2-0: Called Strike 2-1: SINGLE (Groundball, 5S, EV 68.1 MPH) (infield hit) Alex Blanco scores Norimoto Miyanishi to third Brad Wren to second
|
|
Pitching: RHP Chad Brock
|
|
|
Batting: LHB Mike Schermerhorn
|
0-0: Called Strike 0-1: Foul Ball, location: 2F 0-2: Foul Ball, location: 2F 0-2: Foul Ball, location: 2F 0-2: Fielders Choice at 2nd, 4-6 (Groundball, 4, EV 90.0 MPH) Norimoto Miyanishi scores Brad Wren to third
|
|
Batting: RHB Jesus Ruiz
|
0-0: Fly out, F8 (Flyball, 89M, EV 88.8 MPH)
|
| Bottom of the 5th over - 5 runs, 5 hits, 1 error, 2 left on base; Minnesota (NYP) 0 - Staten Island 6 |
| TOP OF THE 6TH |
|
Minnesota (NYP) Twins batting - Pitching for Staten Island Yankees : RHP Nate LaCava
|
|
Batting: LHB Tomas Espino
|
0-0: Foul Ball, location: 2F 0-1: Swinging Strike 0-2: Ball 1-2: Ball 2-2: Fly out, F9 (Flyball, 89M, EV 91.2 MPH)
|
|
Batting: LHB Ryuuichi Shintani
|
0-0: SINGLE (Groundball, 6M, EV 103.8 MPH) (infield hit)
|
|
Batting: RHB Alexandre Garcia
|
0-0: Ball Ryuuichi Shintani steals 2nd base 1-0: Called Strike 1-1: Ball 2-1: Reached on error, E6 (Groundball, 6, EV 106.9 MPH) Ryuuichi Shintani to third
|
|
Batting: LHB Yasutoshi Hayashi
|
0-0: Hit by Pitch Alexandre Garcia to second
|
|
Batting: LHB Ben Roth
|
0-0: Foul Ball, location: 2F 0-1: Ball 1-1: Foul Ball, location: 2F 1-2: Ball 2-2: Ball 3-2: Strikes out swinging
|
|
Batting: RHB Ton van Dijk
|
0-0: Ball 1-0: Ball 2-0: Ball 3-0: Called Strike 3-1: Base on Balls Ryuuichi Shintani scores Alexandre Garcia to third Yasutoshi Hayashi to second
|
|
Batting: SHB Juan Aguilar
|
0-0: Swinging Strike 0-1: Swinging Strike 0-2: Ball 1-2: Foul Ball, location: 2F 1-2: GRAND SLAM HOME RUN (Flyball, 89XD, EV 99.4 MPH), Distance : 398 ft
|
|
Pitching: RHP Kenny Samuels
|
|
|
Batting: RHB David McClellan
|
0-0: Foul Ball, location: 2F 0-1: Foul Ball, location: 2F 0-2: Ball 1-2: Ball 2-2: Ball 3-2: Foul Ball, location: 2F 3-2: Strikes out swinging
|
| Top of the 6th over - 5 runs, 2 hits, 1 error, 0 left on base; Minnesota (NYP) 5 - Staten Island 6 |
| BOTTOM OF THE 6TH |
|
Staten Island Yankees batting - Pitching for Minnesota (NYP) Twins : RHP Chad Brock
|
|
Batting: RHB Daniel Underhay
|
0-0: Called Strike 0-1: Ball 1-1: Ball 2-1: Ball 3-1: Fly out, F8 (Flyball, 8RD, EV 96.9 MPH)
|
|
Batting: LHB Danny de Leon
|
0-0: Foul Ball, location: 2F 0-1: Swinging Strike 0-2: Ball 1-2: Ground out 6-3 (Groundball, 56, EV 102.5 MPH)
|
|
Batting: RHB Alex Blanco
|
0-0: Ball 1-0: Foul Ball, location: 2F 1-1: Ground out 2-3 (Groundball, 2L, EV 66.9 MPH)
|
| Bottom of the 6th over - 0 runs, 0 hits, 0 errors, 0 left on base; Minnesota (NYP) 5 - Staten Island 6 |
| TOP OF THE 7TH |
|
Minnesota (NYP) Twins batting - Pitching for Staten Island Yankees : RHP Kenny Samuels
|
|
Batting: RHB Sergio Gomez
|
0-0: Swinging Strike 0-1: Ball 1-1: Foul Ball, location: 2F 1-2: Ball 2-2: Foul Ball, location: 2F 2-2: Ball 3-2: Base on Balls
|
|
Batting: LHB Tomas Espino
|
0-0: Fly out, F7 (Flyball, 7LSF, EV 77.5 MPH)
|
|
Batting: LHB Ryuuichi Shintani
|
0-0: Ball 1-0: Ball 2-0: Ball 3-0: Called Strike 3-1: Called Strike 3-2: Hit by Pitch Sergio Gomez to second
|
|
Batting: RHB Alexandre Garcia
|
0-0: Called Strike 0-1: Foul Ball, location: 2F 0-2: Grounds into double play, 6-4-3 (Groundball, 56, EV 91.2 MPH)
|
| Top of the 7th over - 0 runs, 0 hits, 0 errors, 1 left on base; Minnesota (NYP) 5 - Staten Island 6 |
| BOTTOM OF THE 7TH |
|
Staten Island Yankees batting - Pitching for Minnesota (NYP) Twins : RHP Chad Brock
|
|
Batting: RHB Norimoto Miyanishi
|
0-0: Called Strike 0-1: Fly out, F8 (Line Drive, 8LD, EV 100.0 MPH)
|
|
Batting: RHB Brad Wren
|
0-0: Ball 1-0: Swinging Strike 1-1: Swinging Strike 1-2: Ball 2-2: Foul Ball, location: 2F 2-2: Strikes out swinging
|
|
Batting: SHB Tadaaki Kondo
|
0-0: Called Strike 0-1: Ball 1-1: Foul Ball, location: 2F 1-2: Ball 2-2: Foul Ball, location: 2F 2-2: Foul Ball, location: 2F 2-2: Ground out 6-3 (Groundball, 6, EV 91.9 MPH)
|
| Bottom of the 7th over - 0 runs, 0 hits, 0 errors, 0 left on base; Minnesota (NYP) 5 - Staten Island 6 |
| TOP OF THE 8TH |
|
Minnesota (NYP) Twins batting - Pitching for Staten Island Yankees : RHP Kenny Samuels
|
|
Batting: LHB Yasutoshi Hayashi
|
0-0: SINGLE (Line Drive, 78D, EV 103.1 MPH)
|
|
Batting: LHB Ben Roth
|
0-0: Bunt missed! 0-1: Ball 1-1: Ball 2-1: Bunt missed! 2-2: Ball 3-2: Strikes out swinging
|
|
Batting: RHB Ton van Dijk
|
0-0: Ball 1-0: Called Strike 1-1: Ball 2-1: Foul Ball, location: 2F 2-2: Ball 3-2: Foul Ball, location: 2F 3-2: Fielders Choice at 2nd, 6-4 (Groundball, 6, EV 82.5 MPH)
|
|
Batting: SHB Juan Aguilar
|
0-0: Ball 1-0: Ball 2-0: Called Strike 2-1: Foul Ball, location: 2F 2-2: Ground out 4-3 (Groundball, 4, EV 89.4 MPH)
|
| Top of the 8th over - 0 runs, 1 hit, 0 errors, 1 left on base; Minnesota (NYP) 5 - Staten Island 6 |
| BOTTOM OF THE 8TH |
|
Staten Island Yankees batting - Pitching for Minnesota (NYP) Twins : RHP Chad Brock
|
|
Pitching: RHP Pat Adams
|
|
|
Batting: RHB Pat Pemberton
|
0-0: Ball 1-0: Called Strike 1-1: Swinging Strike 1-2: Ball 2-2: Foul Ball, location: 2F 2-2: Ball 3-2: Fly out, F7 (Flyball, 7D, EV 96.2 MPH)
|
|
Batting: LHB Mike Schermerhorn
|
0-0: Called Strike 0-1: Fly out, F8 (Flyball, 8RD, EV 91.9 MPH)
|
|
Batting: RHB Jesus Ruiz
|
0-0: Ball 1-0: Foul Ball, location: 2F 1-1: Called Strike 1-2: Ground out 1-3 (Groundball, 13S, EV 74.4 MPH)
|
| Bottom of the 8th over - 0 runs, 0 hits, 0 errors, 0 left on base; Minnesota (NYP) 5 - Staten Island 6 |
| TOP OF THE 9TH |
|
Minnesota (NYP) Twins batting - Pitching for Staten Island Yankees : RHP Kenny Samuels
|
|
Pitching: LHP Loo Lei
|
|
|
Now in RF: Jon Pierce
|
|
|
Batting: RHB David McClellan
|
0-0: Swinging Strike 0-1: Called Strike 0-2: Strikes out swinging
|
|
Batting: RHB Sergio Gomez
|
0-0: Called Strike 0-1: Ball 1-1: Ground out 6-3 (Groundball, 6, EV 106.2 MPH)
|
|
Batting: LHB Tomas Espino
|
0-0: Ball 1-0: Ball 2-0: Ball 3-0: Called Strike 3-1: Base on Balls
|
|
Batting: RHB Caleb Bockmann
|
0-0: Ball 1-0: Foul Ball, location: 2F 1-1: Foul Ball, location: 2F 1-2: Strikes out swinging
|
| Top of the 9th over - 0 runs, 0 hits, 0 errors, 1 left on base; Minnesota (NYP) 5 - Staten Island 6 |
|